[Event "Late-Titled-Tuesday-Blitz-June-04-2024"]
[Site "Chess.com"]
[Date "2024.06.04"]
[Round "3"]
[White "HajiyevKanan"]
[Black "hansen"]
[Result "0-1"]
[WhiteElo "2514"]
[BlackElo "3049"]
[TimeControl "180+1"]
[EndTime "14:28:09 PDT"]
[Termination "hansen won by checkmate"]

1. d4 Nf6 2. Nf3 e6 3. c4 Bb4+ 4. Bd2 Be7 5. Nc3 d5 6. cxd5 exd5 7. Bf4 c6 8. Qc2 Nbd7 9. e3 Nh5 10. Be5 O-O 11. Bd3 g6 12. Bg3 Re8 13. O-O Nxg3 14.
hxg3 Nf6 15. Rab1 a5 16. a3 Bd6 17. Rfc1 Bg4 18. Ne2 Qe7 19. Nf4 Kg7 20. Nh2 Bd7 21.
Nf3 a4 22. Ra1 Ng4 23. Re1 Qf6 24. Nh2 h5 25. Nxg4 hxg4 26. Be2 Bxf4 27. gxf4 Qh4 28. g3 Qh5 29. Bd3 Re7 30. Kf1 Rae8 31. Ke2 Qh2 32.
Qd2 Bf5 33. Bxf5 gxf5 34. Rg1 Re4 35. Raf1 Qh6 36. Rh1 Qf6 37. Kd1 c5 38. dxc5 d4 39.
Re1 Rc8 40. Qd3 Rxc5 41. Ke2 dxe3 42. fxe3 Qxb2+ 43. Kf1 Rc2 44. Rg1 Rf2# 0-1

[Event "Late-Titled-Tuesday-Blitz-June-04-2024"]
[Site "Chess.com"]
[Date "2024.06.04"]
[Round "3"]
[White "vladoboch"]
[Black "carokannlover213"]
[Result "0-1"]
[WhiteElo "2475"]
[BlackElo "2722"]
[TimeControl "180+1"]
[EndTime "14:28:09 PDT"]
[Termination "carokannlover213 won by resignation"]

1. e4 c6 2. d4 g6 3. Nf3 Bg7 4. Nc3 d5 5. e5 Bg4 6. h3 Bxf3 7. Qxf3 Qb6 8. Ne2 Nd7 9. c3 f6 10. e6 Nf8 11. Nf4 O-O-O 12. Bd3 Rd6 13. O-O Nxe6 14.
Qg4 f5 15. Bxf5 gxf5 16. Qxf5 Nh6 17. Qh5 Nxf4 18. Bxf4 Rg6 19. Rfe1 Qd8 20. a4 Qf8 21. Bg3 Qf5 22. Qe2 Re8 23. a5 a6 24. Rad1 e5 25.
dxe5 Qe6 26. c4 d4 27. Rxd4 Nf5 28. Rg4 Nxg3 29. Rxg3 Rxg3 30. fxg3 Bxe5 31. Kh1 Qg6 32. Qf3 Kd8 33. Rd1+ Kc7 34. Re1 Re7 35. Re3 Bd6 36. Rxe7+ Bxe7 37. Kh2 Qf6 38. Qe3 h6 39. Qb6+ Kc8 40.
Qe3 Bd6 41. b3 Kc7 42. Qb6+ Kc8 43. Qe3 Be5 44. Qd3 Kc7 45. Qe3 h5 46. Kg1 Bd4 0-1

[Event "Late-Titled-Tuesday-Blitz-June-04-2024"]
[Site "Chess.com"]
[Date "2024.06.04"]
[Round "3"]
[White "Agustin_Meza"]
[Black "ilushka"]
[Result "1-0"]
[WhiteElo "2184"]
[BlackElo "2376"]
[TimeControl "180+1"]
[EndTime "14:28:09 PDT"]
[Termination "Agustin_Meza won on time"]

1. e4 e5 2. Nf3 Nc6 3. Bb5 Nf6 4.
O-O Nxe4 5. d4 Nd6 6. Ba4 e4 7. Re1 Be7 8. Ne5 O-O 9. Nc3 Nf5 10. Nxc6 dxc6 11. Rxe4 Bf6 12. Be3 a5 13. Bb3 Re8 14. Qf3 Rxe4 15. Nxe4 Be7 16. c3 a4 17. Bc2 Nd6 18.
Nc5 b6 19. Nd3 Bf5 20. Re1 Bf6 21. Bf4 Bg6 22. Qd1 Nc4 23. Qc1 a3 24. b3 Nd6 25.
Ne5 Nb5 26. Bxg6 hxg6 27. Nxc6 Qd7 28. Ne5 Qf5 29. Bg3 c5 30. dxc5 bxc5 31. Nc4 Rd8 32. h3 Nxc3 33. Qxa3 Qc2 34. Qa5 Rd1 35. Qa8+ Kh7 36.
Qe8 Rxe1+ 37. Qxe1 Qxa2 38. Be5 Qxb3 39. Bxf6 gxf6 40.
Ne3 Qb1 41. Qxb1 Nxb1 42. Kf1 Na3 43. Ke2 c4 44. Kd2 f5 45. Kc3 f4 46. Nxc4 Nxc4 47. Kxc4 f3 48. g3 Kh6 49. Kd4 Kg5 50. Ke3 f5 51.
Kxf3 f4 52. g4 Kh4 53. Kxf4 Kxh3 54. Kg5 1-0

[Event "Late-Titled-Tuesday-Blitz-June-04-2024"]
[Site "Chess.com"]
[Date "2024.06.04"]
[Round "3"]
[White "Lavandum24"]
[Black "teresin05"]
[Result "0-1"]
[WhiteElo "1849"]
[BlackElo "2325"]
[TimeControl "180+1"]
[EndTime "14:28:10 PDT"]
[Termination "teresin05 won on time"]

1. d4 d5 2. c4 c6 3. Nf3 Nf6 4. Nc3 e6 5. cxd5 exd5 6. Bg5 Bb4 7. Qc2 h6 8. Bh4 g5 9. Bg3 Ne4 10. a3 Bf5 11. Qb3 Ba5 12. Nd2 Nxd2 13. Kxd2 Qb6 14.
Qxb6 Bxb6 15. e3 Nd7 16. Bd3 Bxd3 17. Kxd3 O-O 18. b4 f5 19. Bd6 Rf6 20. Bc5 Bc7 21. b5 b6 22. bxc6 Rxc6 23. Nxd5 bxc5 24. Ne7+ Kf7 25.
Nxc6 Bb6 26. Ne5+ Nxe5+ 27. dxe5 Ke6 28. f4 Kd5 29. Rhd1 Rc8 30. Rac1 c4+ 31. Ke2+ Ke4 32. Rc3 gxf4 33. exf4 Kxf4 34. e6 Re8 35. Rf3+ Kg5 36. Rd6 Bc5 37. Rc6 Bxa3 38. Rxc4 Rxe6+ 39. Kf2 Bd6 40. h3 Kg6 0-1

[Event "Late-Titled-Tuesday-Blitz-June-04-2024"]
[Site "Chess.com"]
[Date "2024.06.04"]
[Round "3"]
[White "DishonorOnYourCow"]
[Black "PoXerStar"]
[Result "1-0"]
[WhiteElo "2579"]
[BlackElo "2383"]
[TimeControl "180+1"]
[EndTime "14:28:11 PDT"]
[Termination "DishonorOnYourCow won on time"]

1. d4 d5 2. c4 c6 3. Nf3 Nf6 4. e3 Bf5 5. Nc3 e6 6. Nh4 Be4 7. f3 Bg6 8. Qb3 Qb6 9. c5 Qc7 10. Be2 Nbd7 11. Nxg6 hxg6 12. f4 b6 13. cxb6 axb6 14.
O-O b5 15. Bd2 b4 16. Nd1 Ne4 17. Be1 c5 18. dxc5 Bxc5 19. Rc1 Qb6 20. Bf3 Nd6 21. Bf2 Nf6 22. Qc2 Nfe4 23. Kh1 Rxa2 24. Qb3 Ra8 25. Be1 Ke7 26. Bxe4 Nxe4 27. Rf3 Rac8 28. Nf2 Nd6 29. Rd1 f5 30. Nd3 Bxe3 31. Ne5 Rh6 32. Qxe3 Qxe3 33. Rxe3 Rc2 34. b3 Ne4 35. Bxb4+ Kf6 36. Ra1 g5 37. Nd3 gxf4 38. Nxf4 g5 39. Nd3 g4 40. Kg1 g3 41.
hxg3 Rg6 42. Ne1 1-0

[Event "Late-Titled-Tuesday-Blitz-June-04-2024"]
[Site "Chess.com"]
[Date "2024.06.04"]
[Round "3"]
[White "AlexeiShirov"]
[Black "jinbojinbo"]
[Result "1/2-1/2"]
[WhiteElo "2899"]
[BlackElo "2675"]
[TimeControl "180+1"]
[EndTime "14:28:13 PDT"]
[Termination "Game drawn by repetition"]

1. e4 e5 2. Nf3 Nc6 3. Bb5 a6 4. Ba4 Nf6 5. O-O d6 6. d4 b5 7.
dxe5 dxe5 8. Qxd8+ Nxd8 9. Bb3 Bd6 10. a4 Bb7 11. axb5 axb5 12. Rxa8 Bxa8 13. Nc3 b4 14. Nb5 Nxe4 15. Ng5 Nxg5 16. Bxg5 O-O 17. Nxd6 cxd6 18. Be7 Re8 19. Bxd6 Nc6 20. Ra1 Nd4 21. Bxb4 Nxb3 22. cxb3 Bd5 23. Bc3 Bxb3 24. Bxe5 Rd8 25. Kf1 f6 26. Bc3 Rd1+ 27. Rxd1 Bxd1 28. Ke1 Bb3 29.
Kd2 Kf7 30. Bd4 Ke6 31. Kc3 Bd1 32. Kc4 Kd6 33. Bc5+ Kc6 34. Bf8 g6 35. Be7 f5 36.
Kd4 Kd7 37. Bg5 Ke6 38. b4 Be2 39. Kc5 Bf1 40. g3 Be2 41. b5 Kd7 42. h3 Bf1 43.
h4 Be2 44. f4 h5 45. Kd5 Bxb5 46. Ke5 Be2 47. Kf6 Bg4 48. Kxg6 Kc6 49. Kf6 Kd5 50. Bh6 Ke4 51. Kg5 Kf3 52. Bg7 Kxg3 53. Bf6 Kh3 54. Bg7 Kg2 55. Bf6 Kh3 56. Bg7 Kg2 57.
Bf6 Kh3 1/2-1/2

[Event "Late-Titled-Tuesday-Blitz-June-04-2024"]
[Site "Chess.com"]
[Date "2024.06.04"]
[Round "3"]
[White "Titus369"]
[Black "Dexter_Dyke"]
[Result "0-1"]
[WhiteElo "2628"]
[BlackElo "2477"]
[TimeControl "180+1"]
[EndTime "14:28:14 PDT"]
[Termination "Dexter_Dyke won by checkmate"]

1. e4 e6 2. d4 a6 3. Nf3 b5 4. a4 b4 5. Bd3 Bb7 6. O-O c5 7. c3 Nf6 8. Re1 Qc7 9. Nbd2 bxc3 10.
bxc3 cxd4 11. cxd4 Nc6 12. d5 Nb4 13. Bc4 Bc5 14. Bb2 Ng4 15. Re2 Qb6 16. Qf1 a5 17. h3 Nf6 18. dxe6 fxe6 19. Bb5 Ba6 20. Nc4 Qa7 21.
Nfe5 O-O 22. Nxa5 Bxb5 23. axb5 Qb6 24. Nac4 Qxb5 25. Rxa8 Rxa8 26. Rd2 d5 27. exd5 exd5 28. Ne3 Qxf1+ 29. Kxf1 Bxe3 30. fxe3 Ne4 31. Rd1 Ra2 32. Bd4 Nc2 33. Kg1 h5 34. Nf3 Kh7 35. h4 Kg6 36. Bb6 Nb4 37. Rd4 Nc2 38. Rxd5 Ra1+ 39. Kh2 Nf2 40. Rg5+ Kh6 41. Ne5 Ra4 42. g3 Ng4+ 43.
Nxg4+ hxg4 44. Bc5 Ne1 45. Kh1 Nf3 46. Be7 Ra2 47. Rxg4 Rh2# 0-1

[Event "Late-Titled-Tuesday-Blitz-June-04-2024"]
[Site "Chess.com"]
[Date "2024.06.04"]
[Round "3"]
[White "moro182"]
[Black "Michalczak"]
[Result "0-1"]
[WhiteElo "2879"]
[BlackElo "2526"]
[TimeControl "180+1"]
[EndTime "14:28:14 PDT"]
[Termination "Michalczak won by resignation"]

1. d4 Nf6 2. Bf4 d5 3. e3 c5 4. dxc5 e6 5. b4 a5 6. c3 axb4 7. cxb4 b6 8. Bxb8 Rxb8 9. Bb5+ Ke7 10. c6 Qd6 11. a3 Ne4 12. Nf3 g5 13. O-O Bg7 14.
Nd4 Be5 15. h3 Rg8 16. Ra2 g4 17. hxg4 Bh2+ 18. Kh1 e5 19. Kxh2 exd4+ 20. Kg1 Rxg4 21.
f3 Rh4 22. fxe4 Qh2+ 23. Kf2 dxe3+ 24. Kxe3 Rxe4+ 25. Kd3 Qe5 26. Qf3 Be6 27. Nc3 Qd4+ 28. Kc2 Re3 29. Qf6+ Qxf6 30. Rxf6 Kxf6 31. Ba6 Rg8 32.
Bf1 Re1 33. Be2 Rxg2 34. Kd2 Reg1 35. Rc2 d4 36. Ne4+ Ke5 37. c7 Rxe2+ 38. Kxe2 Kxe4 39. c8=Q d3+ 40. Kf2 Bxc8 41. Rxc8 d2 42. Re8+ Kf5 43. Kxg1 d1=Q+ 44. Kf2 Qd4+ 45. Re3 Kf4 0-1

[Event "Late-Titled-Tuesday-Blitz-June-04-2024"]
[Site "Chess.com"]
[Date "2024.06.04"]
[Round "3"]
[White "JEIGOTH"]
[Black "HalfIsCrayfish"]
[Result "0-1"]
[WhiteElo "2330"]
[BlackElo "2556"]
[TimeControl "180+1"]
[EndTime "14:28:16 PDT"]
[Termination "HalfIsCrayfish won on time"]

1. Nf3 g5 2. Nxg5 e5 3. Nf3 e4 4.
Nd4 c5 5. Nb3 d5 6. d3 Nf6 7.
Nc3 exd3 8. exd3 d4 9. Ne4 Nxe4 10. dxe4 Be7 11. a4 Nc6 12. Nd2 Be6 13. Bc4 Qd7 14. Bxe6 Qxe6 15. Qe2 O-O-O 16. Nc4 Rhg8 17. g3 d3 18. cxd3 Nb4 19. O-O Nxd3 20. Na3 h5 21. Rd1 Ne5 22. Bf4 h4 23. Rxd8+ Rxd8 24. Nb5 a6 25.
Nc3 Nd3 26. Be3 hxg3 27. fxg3 c4 28. Rf1 Bb4 29. Nd5 Qxe4 30. Nxb4 Nxb4 31. Rf4 Qb1+ 32. Kg2 Nd3 33. Rxc4+ Kb8 34. Bf4+ Ka8 35. Qe7 Nxf4+ 36. Rxf4 Qc2+ 37. Rf2 Qc6+ 38. Kh3 Rh8+ 39. Kg4 Qxa4+ 40. Rf4 Qd1+ 41. Kf5 Rh5+ 42. Kf6 Rh6+ 43. Kg7 Rd6 44. Qe8+ Rd8 45. Qe7 Rd7 46. Qe8+ Rd8 47. Qe7 Qd2 48. Rxf7 Qxb2+ 0-1

[Event "Late-Titled-Tuesday-Blitz-June-04-2024"]
[Site "Chess.com"]
[Date "2024.06.04"]
[Round "3"]
[White "Itay121"]
[Black "dasatcu90"]
[Result "1-0"]
[WhiteElo "2536"]
[BlackElo "2239"]
[TimeControl "180+1"]
[EndTime "14:28:16 PDT"]
[Termination "Itay121 won by resignation"]

1. e4 c6 2. d4 d5 3. e5 Bf5 4. Nf3 e6 5. Be2 Nd7 6. Be3 h6 7. O-O Ne7 8. c4 dxc4 9. Bxc4 Nb6 10. Bb3 Ned5 11. Nc3 Be7 12. Rc1 O-O 13. Re1 a5 14. Qd2 a4 15. Bc2 Nc4 16. Qe2 Bxc2 17. Rxc2 Ncxe3 18. fxe3 a3 19. b3 Bb4 20. Nxd5 Bxe1 21. Nf6+ gxf6 22.
Qxe1 f5 23. Nd2 Kh7 24. Nc4 Rg8 25. Nd6 Qe7 26. Kh1 Rad8 27. e4 Rxd6 28. exd6 Qxd6 29.
exf5 Qxd4 30. fxe6 fxe6 31. Rd2 Qg4 32. Re2 Rg6 33.
Qd2 h5 34. Qd7+ Rg7 35. Qxe6 Qxe6 36. Rxe6 Rd7 37. h3 Rd2 38. Kh2 Rxa2 39. Re7+ Kg6 40. Rxb7 Rb2 41. Rb6 Kf5 42. Rxc6 Rxb3 43. Rc5+ Ke4 44.
Rxh5 Kd3 45. Ra5 Kc2 46. h4 Kb2 47. g4 a2 48. Rxa2+ Kxa2 49. h5 Ka3 50. h6 Ka4 51. h7 Rb8 52. g5 Rh8 53. g6 Kb5 54. Kg3 Kb6 55. Kf4 Kc7 56. g7 Rxh7 57. g8=Q Rd7 58.
Qc4+ Kd6 59. Kf5 Rf7+ 60. Qxf7 1-0

[Event "Late-Titled-Tuesday-Blitz-June-04-2024"]
[Site "Chess.com"]
[Date "2024.06.04"]
[Round "3"]
[White "th3d4rkness"]
[Black "Chessdude1987"]
[Result "0-1"]
[WhiteElo "2171"]
[BlackElo "2400"]
[TimeControl "180+1"]
[EndTime "14:28:18 PDT"]
[Termination "Chessdude1987 won on time"]

1. e4 e6 2. d3 c5 3. Nd2 Nc6 4. g3 g6 5. Bg2 Bg7 6. f4 d5 7. Ngf3 Nge7 8. e5 f6 9. exf6 Bxf6 10. O-O O-O 11. Re1 Qd6 12. c3 e5 13. fxe5 Nxe5 14. Nxe5 Bxe5 15. Nf3 Bf6 16. Bf4 Qb6 17. Qb3 Bf5 18.
Qxb6 axb6 19. Bf1 Nc6 20. a3 Kg7 21. Bg5 Bxg5 22. Nxg5 Rae8 23. Nh3 Ne5 24. Rxe5 Rxe5 25. Nf4 d4 26. c4 g5 27. Nd5 b5 28. b3 Bg4 29. Nc7 bxc4 30. bxc4 Be2 31. Bh3 g4 32.
Bg2 Bxd3 33. Bd5 Bf5 34. Rf1 Bc8 35. Rb1 Re2 36. Rb6 Rc2 37. Ne6+ Bxe6 38. Rxe6 Rc1+ 39.
Kg2 Rc2+ 40. Kg1 Rff2 41. Re7+ Kf8 42. Rxb7 Rfd2 43. Rf7+ Ke8 44. Rf1 Rxh2 45. Re1+ Rhe2 0-1

[Event "Late-Titled-Tuesday-Blitz-June-04-2024"]
[Site "Chess.com"]
[Date "2024.06.04"]
[Round "3"]
[White "CarlosjPineror"]
[Black "ShiroglanTalibov"]
[Result "0-1"]
[WhiteElo "2662"]
[BlackElo "2906"]
[TimeControl "180+1"]
[EndTime "14:28:19 PDT"]
[Termination "ShiroglanTalibov won on time"]

1. e4 c5 2. Nf3 Nc6 3. g3 g6 4. Bg2 Bg7 5. O-O d6 6. h3 e5 7. Nc3 Nge7 8. d3 O-O 9. Nd2 f5 10. Nc4 f4 11. Nb5 Rf6 12. g4 h6 13. Bd2 a6 14. Nc3 b5 15. Na3 b4 16. Nc4 bxc3 17. bxc3 Be6 18. Na3 Qa5 19. Nb1 f3 20. Bxf3 Raf8 21. Bg2 g5 22. c4 Qd8 23. c3 Ng6 24. Na3 Nh4 25. f3 Ne7 26. Nc2 Nxg2 27.
Kxg2 Ng6 28. Ne1 Qa5 29. Qc2 R6f7 30. Rb1 Bd7 31. Qb2 Nf4+ 32. Bxf4 exf4 33. Nc2 Ba4 34.
Rfc1 Bxc3 35. Qb6 Qxb6 36. Rxb6 Bd2 37. Rd1 Be3 38. Rb2 Bd4 39. Nxd4 Bxd1 40. Nf5 Kh7 41.
Rb6 Rf6 42. Rb7+ R8f7 43. Rb8 Bc2 44. Rd8 Bxd3 45. Nxd6 Ra7 46. Kf2 Re6 47. Ke1 Ree7 48. Kd2 Red7 49. Rxd7+ Rxd7 50. e5 Bxc4 51. Kc3 Bxa2 52.
Ne4 Bd5 53. Nf6+ Kg7 54. Nxd7 Bxf3 55. Nxc5 Bg2 56. Kd4 Bxh3 57. e6 Bxg4 58. Ke5 f3 59.
Nd3 a5 60. Kd6 a4 61. e7 Bh5 62. Ne5 f2 0-1

[Event "Late-Titled-Tuesday-Blitz-June-04-2024"]
[Site "Chess.com"]
[Date "2024.06.04"]
[Round "3"]
[White "snowlord"]
[Black "Evan_Attaker"]
[Result "1-0"]
[WhiteElo "2931"]
[BlackElo "2694"]
[TimeControl "180+1"]
[EndTime "14:28:21 PDT"]
[Termination "snowlord won on time"]

1. Nf3 c5 2. g3 b6 3. e4 Bb7 4. d3 d6 5. Bg2 e6 6. O-O Nf6 7. Nfd2 Nbd7 8. Re1 Qc7 9. a4 a6 10. Nc3 Be7 11. f4 O-O 12. Nc4 Rfe8 13. Ne3 Bf8 14.
b3 Bc6 15. g4 g6 16. Bf3 d5 17. exd5 exd5 18. Nexd5 Bxd5 19. Nxd5 Nxd5 20. Bxd5 Rad8 21. Bd2 Bg7 22. Rb1 Ne5 23. Bg2 Nc6 24. Rxe8+ Rxe8 25. c3 Rd8 26. Qe2 b5 27. axb5 axb5 28. Re1 b4 29. f5 bxc3 30. Qe8+ Bf8 31. Bh6 Rxe8 32. Rxe8 Qe7 33.
Rxe7 Nxe7 34. Be3 gxf5 35. h3 fxg4 36. hxg4 Ng6 37. Be4 Ne5 38. g5 Ng4 39. Bf4 Bg7 40. Kf1 Bd4 41. Ke2 Kg7 42. Bf5 1-0

[Event "Late-Titled-Tuesday-Blitz-June-04-2024"]
[Site "Chess.com"]
[Date "2024.06.04"]
[Round "3"]
[White "Shiner22"]
[Black "konradrutkowski"]
[Result "0-1"]
[WhiteElo "2281"]
[BlackElo "2537"]
[TimeControl "180+1"]
[EndTime "14:28:21 PDT"]
[Termination "konradrutkowski won on time"]

1. e4 e5 2. Nf3 Nc6 3. Bc4 Nf6 4. d4 exd4 5. O-O Nxe4 6. Nc3 Nxc3 7. bxc3 Be7 8. cxd4 d5 9. Bb5 O-O 10. h3 Bf5 11. Re1 Nb4 12. Re2 c6 13. Ba4 b5 14.
Bb3 a5 15. a4 Bf6 16. Ba3 Re8 17. Ne5 Qc7 18. Qe1 Re6 19. axb5 Rae8 20. Bxb4 axb4 21.
Qxb4 c5 22. b6 Rxb6 23. Nd7 Bxd7 24. Rxe8+ Bxe8 25. Ra8 Re6 26. dxc5 h5 27. Bxd5 Re7 28. g3 Kh7 29. c4 Bd7 30. Qb1+ g6 31. c6 Bxh3 32.
Qd3 Re1+ 33. Kh2 Bf5 34. Qf3 Re7 35. Ra5 h4 36. Ra2 hxg3+ 37. fxg3 Kg7 38. Kg2 Qe5 39. g4 Be4 40. Bxe4 Qxe4 41. Qxe4 Rxe4 42. c7 Re8 43.
Ra7 Rc8 44. Kf3 Be5 45. Ke4 Rxc7 0-1

[Event "Late-Titled-Tuesday-Blitz-June-04-2024"]
[Site "Chess.com"]
[Date "2024.06.04"]
[Round "3"]
[White "laskakid"]
[Black "Darkbluelord"]
[Result "1-0"]
[WhiteElo "2379"]
[BlackElo "2121"]
[TimeControl "180+1"]
[EndTime "14:28:22 PDT"]
[Termination "laskakid won by resignation"]

1. Nf3 g6 2. e4 Bg7 3. d4 c5 4. dxc5 Na6 5. Nc3 Nxc5 6. Be3 b6 7. Nd4 d6 8. f3 Nf6 9. Qd2 O-O 10.
O-O-O Bd7 11. h4 Na4 12. Nd5 Nxd5 13. exd5 e5 14. dxe6 Bxe6 15. Bb5 Nc5 16. Nxe6 Nxe6 17. Qxd6 Qf6 18. Qa3 Nc5 19. Kb1 Rfc8 20. Bd4 Qf5 21.
Bxg7 Kxg7 22. Bd3 Qf6 23. h5 g5 24. h6+ Kg8 25. Rh5 Nxd3 26. Qxd3 Rc5 27. a3 Rac8 28. Rd2 Qe7 29. Qd4 Qe5 30. Qxe5 Rxe5 31. Ka2 f6 32. Rd6 Rxc2 33. Rxf6 a5 34. f4 Rb5 35. Rxg5+ Rxg5 36. fxg5 Rxg2 37. Rxb6 Rg1 38. Rb5 Kf8 39. Rxa5 Re1 40. Rc5 Ke7 41. a4 Kd6 42. b4 Re2+ 43. Kb3 Re3+ 44.
Kc4 Re2 45. Kb5 Re1 46. a5 Re8 47. a6 Rb8+ 48. Ka5 Ra8 49. Rf5 Ke6 50. Rf6+ Ke5 51. b5 Rg8 52. Rf7 Rxg5 53. Rxh7 Rg1 54. a7 Ra1+ 55. Kb6 Kd6 56. Kb7 Ra5 57. a8=Q Rxb5+ 58. Ka6 Ra5+ 59. Kxa5 1-0

[Event "Late-Titled-Tuesday-Blitz-June-04-2024"]
[Site "Chess.com"]
[Date "2024.06.04"]
[Round "3"]
[White "StellarChess"]
[Black "cristiano78"]
[Result "1-0"]
[WhiteElo "2533"]
[BlackElo "2237"]
[TimeControl "180+1"]
[EndTime "14:28:23 PDT"]
[Termination "StellarChess won by resignation"]

1. d4 Nf6 2. Bg5 c5 3. Bxf6 gxf6 4. d5 Qb6 5. Qc1 Bh6 6. e3 d6 7. Ne2 Nd7 8. c3 Ne5 9. Nf4 Bxf4 10. exf4 Ng6 11.
g3 h5 12. h4 Bf5 13. Nd2 O-O-O 14. a4 Qc7 15. a5 e6 16. Bg2 exd5 17. O-O Rde8 18.
Bxd5 Bh3 19. Re1 Qd7 20. Bf3 Rhg8 21. Kh2 Bg4 22. a6 b6 23. Bxg4 Qxg4 24. Qd1 Qf5 25.
Qf3 d5 26. Nf1 Rxe1 27. Rxe1 Nxh4 28. gxh4 Rg4 29. Ne3 Rxh4+ 30. Kg2 Qxf4 31. Qxf4 Rxf4 32. Nxd5 Ra4 33. Re8+ Kd7 34. Nxf6+ Kc6 35. Nxh5 Rxa6 36. Re2 Ra2 37. Kf3 a5 38. Ke3 b5 39. Nf6 a4 40.
Kd3 b4 41. Ng4 Ra1 42. Ne5+ Kd5 43. c4+ Ke6 44. Kc2 Kf6 45. Nd7+ Kg5 46. Nxc5 a3 47.
bxa3 bxa3 48. Kc3 f5 49. Nb3 Rf1 50. Rc2 Re1 51. Kb4 Kf4 52. Kxa3 Kf3 53. Kb4 Re2 54.
Rxe2 Kxe2 55. Nd4+ Kd3 56. Nxf5 1-0

[Event "Late-Titled-Tuesday-Blitz-June-04-2024"]
[Site "Chess.com"]
[Date "2024.06.04"]
[Round "3"]
[White "IlanSchnaider"]
[Black "Larax"]
[Result "0-1"]
[WhiteElo "2770"]
[BlackElo "2513"]
[TimeControl "180+1"]
[EndTime "14:28:24 PDT"]
[Termination "Larax won by resignation"]

1. d4 d5 2. Nf3 Bf5 3. g3 Nf6 4. Bg2 e6 5. O-O c6 6. Nbd2 h6 7. c4 Nbd7 8. b3 Bd6 9. Bb2 O-O 10. Ne5 Qc7 11. f4 c5 12. e3 dxc4 13. Ndxc4 Be7 14. Rc1 Rad8 15. Qf3 Be4 16. Qf2 Bxg2 17. Qxg2 Qb8 18.
Rfd1 Nd5 19. e4 Nb4 20. d5 exd5 21. exd5 Nf6 22. Ne3 Nxa2 23. Rc4 Nb4 24. N5g4 Nxg4 25. Nxg4 Qd6 26. Qe4 Rfe8 27. Be5 Qg6 28. f5 Qh5 29. Qf3 Qg5 30. h4 Qh5 31. Nf6+ Bxf6 32. Qxh5 Rxe5 33. d6 Re3 34. Rg4 Bd4 35. Rdxd4 cxd4 36. Qxh6 Re1+ 37. Kf2 Nd3+ 38. Kg2 Re2+ 39. Kf3 Re3+ 40. Qxe3 dxe3 41. Rd4 Ne5+ 42. Kxe3 Nc6 43. Rd5 Kf8 44. g4 Ke8 45.
h5 Kd7 46. g5 Re8+ 47. Kf4 Re1 48. h6 gxh6 49. gxh6 f6 50. Rd2 Rh1 51. Rg2 Rxh6 52. Rg7+ Kxd6 53. Rxb7 Rh4+ 54. Kg3 Rb4 55. Rf7 Rxb3+ 56.
Kg4 Ne5+ 57. Kh5 Nxf7 58. Kg6 Ke5 59. Kxf7 Kxf5 60. Ke7 Ke5 61. Kd7 f5 62. Kc6 f4 63.
Kc5 Rd3 64. Kc4 0-1

[Event "Late-Titled-Tuesday-Blitz-June-04-2024"]
[Site "Chess.com"]
[Date "2024.06.04"]
[Round "3"]
[White "Godzillator"]
[Black "manitodeplomo"]
[Result "0-1"]
[WhiteElo "2430"]
[BlackElo "2620"]
[TimeControl "180+1"]
[EndTime "14:28:24 PDT"]
[Termination "manitodeplomo won on time"]

1. Nf3 g6 2. d4 Bg7 3. g3 c5 4. c3 Qa5 5. dxc5 Qxc5 6. Bg2 Nf6 7. O-O O-O 8. Nbd2 d6 9. e4 Nbd7 10. Nb3 Qc7 11. Re1 a6 12. Bg5 h6 13. Bf4 e5 14. Bc1 b5 15. a4 Bb7 16. Qc2 Rfc8 17.
Bd2 b4 18. Rac1 bxc3 19. Bxc3 Rab8 20. Na5 Ba8 21. b3 Nc5 22. Nd2 d5 23. exd5 Nxd5 24.
Ba1 Nb4 25. Qxc5 Qxc5 26. Rxc5 Rxc5 27. Nac4 Bxg2 28. Kxg2 f5 29. Bxe5 Re8 30. f4 Nd3 31. Re3 Nxe5 32. fxe5 g5 33. e6 Rc6 34. e7 Bf6 35. Na5 Rc2 36. Rd3 Rxe7 37. Nc4 Bc3 38. Kf1 Bxd2 39. Nxd2 Rec7 40. Rd6 Kg7 41. Ke2 R7c3 42.
Rxa6 Rxb3 43. Ra7+ Kg6 44. a5 Rbb2 45. Rd7 Ra2 46.
Rd5 Rc6 47. h4 Ra6 48. hxg5 hxg5 49. g4 fxg4 50. Kd3 R2xa5 51. Rd8 Ra3+ 52. Kd4 R6a4+ 53. Nc4 Rf3 0-1

[Event "Late-Titled-Tuesday-Blitz-June-04-2024"]
[Site "Chess.com"]
[Date "2024.06.04"]
[Round "3"]
[White "Chess_Star1234"]
[Black "DirtyKabab"]
[Result "1-0"]
[WhiteElo "2427"]
[BlackElo "2572"]
[TimeControl "180+1"]
[EndTime "14:28:24 PDT"]
[Termination "Chess_Star1234 won on time"]

1. d4 f5 2. c4 Nf6 3. Nc3 g6 4. Nf3 Bg7 5. Bf4 d6 6. e3 O-O 7. Be2 Qe8 8. d5 Na6 9. O-O Nh5 10.
h4 Nxf4 11. exf4 e5 12. dxe6 Bxc3 13. bxc3 Bxe6 14. Ng5 Nc5 15. Re1 h6 16. Nxe6 Qxe6 17. Bf3 Qf6 18. Bxb7 Rae8 19. Bd5+ Kg7 20. Qd4 Qxd4 21.
cxd4 Nd3 22. Rxe8 Rxe8 23. g3 Re2 24. Rb1 Nxf2 25. Rb7 Nh3+ 26. Kf1 Rf2+ 27. Ke1 Rxa2 28. Rxc7+ Kf8 29. Rd7 a5 30. Rxd6 a4 31. Rxg6 a3 32. Rxh6 Nf2 33. Ra6 Nd3+ 34. Kf1 Ra1+ 35. Kg2 Nb4 36.
Ra4 Nxd5 37. cxd5 Ke7 38. Ra6 Ra2+ 39. Kh3 Ra1 40. Kg2 Ra2+ 41. Kf3 Ra1 42. h5 a2 43. Kg2 Kf7 44. h6 Kg8 45. d6 Rd1 46. Rxa2 Rxd4 47. Ra6 Kh7 48. Ra5 Kg6 49. h7 Kxh7 50. Rxf5 Rxd6 51. Kf3 1-0

[Event "Late-Titled-Tuesday-Blitz-June-04-2024"]
[Site "Chess.com"]
[Date "2024.06.04"]
[Round "3"]
[White "Kostukov_Alex"]
[Black "yaguigor"]
[Result "0-1"]
[WhiteElo "2305"]
[BlackElo "2610"]
[TimeControl "180+1"]
[EndTime "14:28:24 PDT"]
[Termination "yaguigor won on time"]

1. g3 d5 2. Bg2 c6 3. d3 e5 4. e4 Nf6 5. Nc3 dxe4 6. Nxe4 Nxe4 7. dxe4 Qxd1+ 8. Kxd1 Bc5 9. f3 Be6 10. b3 a5 11. a4 Na6 12. Bd2 O-O-O 13. Kc1 Nb4 14.
Bh3 Bxh3 15. Nxh3 f6 16. Re1 Rd7 17. Be3 Bxe3+ 18. Rxe3 Rhd8 19. Re2 Rd1+ 20. Kb2 R1d2 21. Rae1 Nd3+ 22. Kc3 Nxe1 23. Rxd2 Nxf3 24. Rf2 Nd4 25.
Ng1 b5 26. axb5 cxb5 27. Nf3 b4+ 28. Kc4 Kb7 29. Nxd4 Rxd4+ 30. Kb5 Rxe4 31. Kxa5 Rd4 32. Kb5 h5 33. Kc5 Kc7 34. Re2 Kd7 35. Rf2 Ke6 36. Re2 g5 37. Rf2 h4 38. gxh4 Rxh4 39.
Rg2 Rd4 40. Rf2 g4 41. Rg2 f5 42. Rf2 f4 43. Rf1 Kf5 44. Re1 f3 45. Rf1 Kf4 46. Re1 Rd2 47. Kxb4 Rxc2 48. Ka5 e4 49. b4 f2 50. Rd1 e3 0-1

[Event "Late-Titled-Tuesday-Blitz-June-04-2024"]
[Site "Chess.com"]
[Date "2024.06.04"]
[Round "3"]
[White "VirtualCoach"]
[Black "Indefatigable11"]
[Result "1-0"]
[WhiteElo "2215"]
[BlackElo "2393"]
[TimeControl "180+1"]
[EndTime "14:28:24 PDT"]
[Termination "VirtualCoach won by checkmate"]

1. e4 d6 2. d4 g6 3. Nc3 Bg7 4. Be3 Nd7 5. Qd2 c5 6. dxc5 dxc5 7. O-O-O Qa5 8. Nge2 Ngf6 9. f3 b5 10. a3 b4 11. Nb1 Rb8 12. Nf4 O-O 13. g4 Ne5 14. Be2 Ba6 15. g5 Rfd8 16. Qe1 Bxe2 17. Qxe2 bxa3 18.
Nxa3 Nfd7 19. Bd2 Qa4 20. Bc3 Nb6 21. Rxd8+ Rxd8 22. Rd1 Rxd1+ 23. Qxd1 h5 24. Qd8+ Kh7 25. Qxe7 Nec4 26. Qxf7 Qd7 27. Qxd7 Nxd7 28. Nxc4 Bf8 29. Ne6 Be7 30. Nc7 Bxg5+ 31. Bd2 Bf6 32. Nd5 Bd4 33. c3 Bg1 34. h3 Bh2 35. Bf4 Bg1 36. Ne5 Nxe5 37. Bxe5 g5 38. Kc2 Kg6 39. Bd6 Bf2 40. Bb8 Kf7 41. Bxa7 Ke6 42. b4 Ke5 43. Bxc5 Be1 44.
Bd4+ Kd6 45. b5 Bf2 46. Bxf2 Ke5 47. b6 g4 48. b7 gxh3 49. b8=Q+ Ke6 50. Qe8+ Kd6 51.
Bg3+ Kc5 52. Qc8+ Kb5 53. c4+ Ka4 54. Qa6# 1-0

[Event "Late-Titled-Tuesday-Blitz-June-04-2024"]
[Site "Chess.com"]
[Date "2024.06.04"]
[Round "3"]
[White "Jospem"]
[Black "cassoulet"]
[Result "0-1"]
[WhiteElo "3028"]
[BlackElo "2759"]
[TimeControl "180+1"]
[EndTime "14:28:26 PDT"]
[Termination "cassoulet won on time"]

1. e4 c5 2. Nf3 e6 3. c3 d5 4. e5 Bd7 5. g3 Ne7 6. Bg2 Ng6 7. O-O Bb5 8. d3 Nd7 9. Re1 Qc7 10. Qe2 h5 11. h4 Be7 12. Na3 Ba6 13. c4 d4 14. Nc2 Rd8 15. Na3 b6 16. Nb5 Qb8 17.
Bg5 Bxb5 18. Bxe7 Kxe7 19. cxb5 Kf8 20. a4 Ne7 21. Ng5 Kg8 22. Bh3 Rh6 23. a5 Nd5 24. axb6 axb6 25. Bg2 Nf8 26. Ra6 Nc7 27. Qf3 Rd7 28.
Raa1 Nd5 29. Ra6 Nc7 30. Ra4 Nd5 31. Qe2 Ra7 32. Rxa7 Qxa7 33. Bxd5 exd5 34. Qf3 Qd7 35. Ra1 Qb7 36. Qf5 Ne6 37. f4 Nxg5 38. hxg5 Re6 39.
b3 g6 40. Qh3 Qd7 41. Rf1 Qxb5 42. f5 Rxe5 43. fxg6 fxg6 44. Qc8+ Qe8 45. Qc7 Qe7 46. Qxb6 Kg7 47. Qb8 Rxg5 48. Kg2 Re5 49. Rf2 h4 50. gxh4 Re3 51. Qf4 Rxd3 52. Kh2 Re3 53. h5 Re4 0-1